 Dungeon Crawl Stone Soup version 0.31-a0-167-g1c394c0614 (webtiles) character file.

Game seed: 9206551533547776561

60 qw the Shooter (level 4, -4/28 HPs)
             Began as a Gargoyle Hunter on June 14, 2023.
             Slain by a gnoll
             ... wielding a +0 halberd
              (13 damage)
             ... on level 2 of the Dungeon.
             The game lasted 00:00:29 (1028 turns).

qw the Shooter (Gargoyle Hunter)                    Turns: 1028, Time: 00:00:29

Health: -4/28      AC:  7    Str: 14    XL:     4   Next: 6%
Magic:  4/4        EV: 11    Int: 10    God:
Gold:   39         SH:  0    Dex: 15    Spells: 3/3 levels left

rFire   . . .        Y - +0 shortbow
rCold   . . .        (shield currently unavailable)
rNeg    + . .        e - +0 troll leather armour
rPois   inf          (no helmet)
rElec   +            (no cloak)
rCorr   .            (no gloves)
SInv    .            (no boots)
Will    .....        (no amulet)
Stlth   ++           (no ring)
HPRegen 1.04/turn    (no ring)
MPRegen 0.09/turn

%: no passive effects
@: no status effects
A: sickness immunity, AC +3, negative energy resistance 1, electricity
resistance, torment resistance 1, petrification resistance
a: no special abilities


You were on level 2 of the Dungeon.
You visited 1 branch of the dungeon, and saw 2 of its levels.

You collected 39 gold pieces.


Innate Abilities, Weirdness & Mutations

You are immune to sickness and miasma.
Your stone body is resilient. (AC +3)
You are immune to poison.
You resist negative energy. (rN+)
You are resistant to electric shocks. (rElec)
You are resistant to unholy torment.
You are immune to petrification.


   Skills:
 - Level 3.0 Fighting
 + Level 5.1 Ranged Weapons
 - Level 1.5 Dodging
 - Level 1.1 Stealth


You had 3 spell levels left.
You didn't know any spells.
Your spell library was empty.

Inventory:

Hand Weapons
 Y - a +0 shortbow (weapon)
Armour
 e - a +0 troll leather armour (worn)
Scrolls
 c - 2 scrolls of fog {unknown}
 d - a scroll of vulnerability {unknown}
 f - a scroll of teleportation
 g - 3 scrolls of identify {unknown}
Potions
 a - 2 potions of might {unknown}
 b - a potion of enlightenment {unknown}

Dungeon Overview and Level Annotations

Branches:
Dungeon (2/15)

Altars:


Message History

Enter note:
Enter note:
Enter note:
Enter note:
Enter note:
Enter note:
Enter note:
Enter note:
Enter note:
Enter note:
Enter note: You shoot an arrow.
The gnoll shouts!
The arrow hits the gnoll.
The gnoll is lightly wounded.
You shoot an arrow. The arrow barely misses the gnoll.
A gnoll comes into view. It is wielding a +0 whip.
You shoot an arrow.
The arrow hits the gnoll but does no damage.
A gnoll comes into view. It is wielding a +0 spear.
You shoot an arrow.
The arrow hits the gnoll but does no damage.
The gnoll is lightly wounded.
You shoot an arrow. The arrow hits the gnoll.
The gnoll is moderately wounded.
You shoot an arrow. The arrow hits the gnoll.
The gnoll is heavily wounded.
The gnoll hits you from afar with a +0 halberd.
You shoot an arrow. The arrow hits the gnoll.
You kill the gnoll!
The gnoll hits you from afar with a +0 halberd.
You have reached level 4!
You feel clever.
You shoot an arrow. The arrow hits the gnoll.
The gnoll is moderately wounded.
The gnoll hits you from afar with a +0 halberd!
Ouch! That really hurt!
You shoot an arrow. The arrow completely misses the gnoll.
The gnoll completely misses you.
The gnoll hits you from afar with a +0 halberd!
You die...

#.. ### . .. ... ....
.....
##################......
.#.#.#.#.#.#.#.#@g......
#.#.#.#.#.#.#.#.##gg....
.###.###.###.###........
#.#.#.#.#.#.#.# #.......
.#.#.#.# #.# #.# .#####.
######## ### ## #


You could see 3 gnolls.

Vanquished Creatures
  A gnoll (D:2)
  An adder (D:2)
  A dart slug (D:1)
  5 endoplasms
  A giant cockroach (D:2)
  3 hobgoblins
  2 jackals (D:1)
  5 kobolds
  A quokka (D:1)
  3 ball pythons (D:1)
  4 bats (D:1)
  2 frilled lizards
  5 goblins
  2 rats
36 creatures vanquished.

Notes
Turn   | Place    | Note
-------+----------+-------------------------------------------
     0 | D:1      | qw the Gargoyle Hunter began the quest for the Orb.
     0 | D:1      | Reached XP level 1. HP: 12/12 MP: 1/1
     0 | D:1      | 0 ||| qw: Version: 0.2-a-29-g1fa15c8
     0 | D:1      | 0 ||| qw: Game counter: 4926
     0 | D:1      | 0 ||| qw: Always use a shield: true
     0 | D:1      | 0 ||| qw: God list: Okawaru
     0 | D:1      | 0 ||| qw: Allow faded altars: false
     0 | D:1      | 0 ||| qw: Do Orc after D:15 true
     0 | D:1      | 0 ||| qw: Do second Lair branch before Depths: true
     0 | D:1      | 0 ||| qw: Lair rune preference: random
     0 | D:1      | 0 ||| qw: Plans: Normal, Zot:1-4, Slime:5, God:TSO, Crypt,
                  | Tomb, Abyss, Pan, Hells, Win
     0 | D:1      | 0 ||| PLANNING D:1-11
    96 | D:1      | Found a faded altar of an unknown god.
   161 | D:1      | Reached XP level 2. HP: 17/17 MP: 2/2
   561 | D:1      | Reached XP level 3. HP: 19/21 MP: 3/3
   566 | D:1      | Reached skill level 5 in Ranged Weapons
   724 | D:1      | 724 ||| UPGRADING to +0 troll leather armour.
   734 | D:1      | 734 ||| DROPPING +0 leather armour.
   735 | D:1      | 735 ||| READING scroll labelled KOKLIUPS QUAB.
   736 | D:1      | 736 ||| READING 2 scrolls labelled BETIWO USKIE.
   740 | D:1      | 740 ||| DROPPING scroll of butterflies.
   956 | D:2      | Reached skill level 3 in Fighting
  1027 | D:2      | Reached XP level 4. HP: 22/28 MP: 4/4
  1028 | D:2      | Slain by a gnoll

Levels and vault maps discovered:
D:1:      dpeg_arrival_water_temple_mockup, layout_basic,
          ebering_ecumenical_altar_abandoned, corexii_hall_statues_i
D:2:      layout_basic, serial_shops, nicolae_shop_tiny_waterfront,
          roderic_roman_lattice, minmay_misc_feat_encased

Skill      XL: |  1  2  3 |
---------------+----------+-----
Ranged Weapons | 5 |  5.1
Fighting       | 3 |  3.0
Dodging        | |  1.5
Stealth        | |  1.1

Action                     |  1- 3 |  4- 6 || total
---------------------------+-------+-------++-------
   Fire: Shortbow          |   125 |     2 ||   127
    Use: Scroll            |     2 |       ||     2
 Armour: Leather armour    |    16 |       ||    16
         Troll leather arm |     8 |       ||     8
  Dodge: Dodged            |    31 |     1 ||    32

Table legend:
 A = Non-vault XP
 B = Vault XP
 C = Vault XP percentage of total XP
 D = Non-vault monster count
 E = Vault monster count
 F = Vault count percentage of total count
                 A         B        C        D         E       F
            +---------+---------+-------+---------+---------+-------
      Total |      87 |       0 |   0.0 |      36 |       0 |   0.0
            +---------+---------+-------+---------+---------+-------
        D:1 |      42 |       0 |   0.0 |      24 |       0 |   0.0
        D:2 |      45 |       0 |   0.0 |      12 |       0 |   0.0
            +---------+---------+-------+---------+---------+-------
